 Dungeon Crawl Stone Soup version 0.26-a0-752-gcff87cac9a (webtiles) character file.

Game seed: 14334032789934794342

5000 robertstho the Magician (level 10, -1/74 HPs)
             Began as a Gnoll Fire Elementalist on Nov 6, 2020.
             Was an Initiate of Sif Muna.
             Slain by a five-headed hydra (10 damage)
             ... on level 10 of the Dungeon.
             The game lasted 00:19:45 (11340 turns).

robertstho the Magician (Gnoll Fire Elementalist)  Turns: 11340, Time: 00:19:48

Health: -1/74      AC:  7    Str: 11    XL:     10   Next: 54%
Magic:  13/21      EV: 16    Int: 21    God:    Sif Muna [......]
Gold:   343        SH:  5    Dex: 15    Spells: 10/23 levels left

rFire    . . .     SeeInvis .   O - +2 spear (venom)
rCold    . . .     Faith    .   (no shield)
rNeg     . . .     Spirit   .   h - +0 leather armour (curse)
rPois    .         Reflect  +   C - +0 helmet
rElec    .         Harm     .   c - +0 cloak
rCorr    .         Rampage  .   P - +0 pair of gloves
MR       +....                  (no boots)
Stlth    +++.......             k - amulet of reflection
HPRegen  0.22/turn              q - ring of protection from magic
MPRegen  0.17/turn              (no ring)

@: no status effects
A: distributed training, fangs 1, strong nose
a: Renounce Religion


You were on level 10 of the Dungeon.
You worshipped Sif Muna.
Sif Muna was noncommittal.
You visited 2 branches of the dungeon, and saw 11 of its levels.

You collected 721 gold pieces.
You spent 378 gold pieces at shops.

Inventory:

Hand Weapons
 a - a +4 falchion of freezing
 d - a +2 lajatang of electrocution
 v - a +1 short sword of freezing
 N - a +2 hand axe of electrocution
 O - a +2 spear of venom (weapon)
Missiles
 n - 4 throwing nets (quivered)
Armour
 c - a +0 cloak (worn)
 h - a cursed +0 leather armour (worn)
 C - a +0 helmet (worn)
 P - a +0 pair of gloves (worn)
Jewellery
 k - an amulet of reflection (around neck)
 q - a ring of protection from magic (left hand)
 y - an uncursed amulet of the acrobat
Wands
 e - a wand of random effects (13)
 i - a wand of iceblast (7)
 B - a wand of paralysis (7)
 D - a wand of polymorph (22)
 K - a wand of flame (12)
Scrolls
 b - 3 scrolls of enchant armour {unknown}
 f - 4 scrolls of amnesia {unknown}
 g - 4 scrolls of magic mapping {unknown}
 l - 3 scrolls of random uselessness {unknown}
 o - 2 scrolls of remove curse {unknown}
 p - 2 scrolls of noise {unknown}
 r - a scroll of fear {unknown}
 s - a scroll of enchant weapon {unknown}
 u - 5 scrolls of teleportation {unknown}
 w - 4 scrolls of immolation {unknown}
 E - 3 scrolls of blinking {unknown}
 J - a scroll of fog {unknown}
 M - 2 scrolls of vulnerability {unknown}
Potions
 j - 2 potions of mutation
 m - 2 potions of resistance
 t - 5 potions of heal wounds
 x - a potion of invisibility
 z - 3 potions of brilliance
 A - 7 potions of curing
 F - 2 potions of flight
 G - a potion of degeneration
 H - a potion of lignification
 I - a potion of haste
 L - a potion of attraction


   Skills:
 + Level 5.4 Fighting
 + Level 5.4 Short Blades
 + Level 5.4 Long Blades
 + Level 5.4 Axes
 + Level 5.4 Maces & Flails
 + Level 5.4 Polearms
 + Level 5.4 Staves
 + Level 5.4 Slings
 + Level 5.4 Bows
 + Level 5.4 Crossbows
 + Level 5.4 Throwing
 + Level 5.4 Armour
 + Level 7.1 Dodging
 + Level 6.9 Stealth
 + Level 5.4 Shields
 + Level 5.4 Unarmed Combat
 + Level 7.4 Spellcasting
 + Level 5.0 Conjurations
 + Level 4.4 Hexes
 + Level 4.4 Summonings
 + Level 4.4 Necromancy
 + Level 4.4 Translocations
 + Level 4.4 Transmutations
 + Level 7.1 Fire Magic
 + Level 4.4 Ice Magic
 + Level 4.4 Air Magic
 + Level 4.4 Earth Magic
 + Level 4.4 Poison Magic
 + Level 5.9 Invocations
 + Level 5.4 Evocations


You had 10 spell levels left.
You knew the following spells:

 Your Spells              Type           Power        Failure   Level
a - Foxfire               Conj/Fire      ####         1%          1
b - Conjure Flame         Conj/Fire      ####....     2%          3
c - Sticky Flame          Conj/Fire      ####....     9%          4
d - Fireball              Conj/Fire      ####......   24%         5

Your spell library contained the following spells:

 Spells                   Type           Power        Failure   Level
 Animate Skeleton         Necr           ####..       1%          1
 Apportation              Tloc           ####..       1%          1
 Corona                   Hex            ####...      1%          1
 Summon Small Mammal      Summ           ####         1%          1
 Slow                     Hex            ####....     2%          2
 Inner Flame              Hex/Fire       ####....     3%          3
 Portal Projectile        Hex/Tloc       ####..       5%          3
 Cause Fear               Hex            ####......   17%         4
 Leda's Liquefaction      Hex/Erth       ####......   17%         4


Dungeon Overview and Level Annotations

Branches:
Dungeon (10/15)            Temple (1/1) D:5
   Lair: D:8-11         Orc: D:9-12

Altars:
Ashenzari
Cheibriados
Dithmenos
Elyvilon
Fedhas
Gozag
Hepliaklqana
Kikubaaqudgha
Makhleb
Nemelex Xobeh
Okawaru
Qazlal
Ru
Sif Muna
Trog
Uskayaw
Vehumet
Wu Jian
Xom
Yredelemnul
Zin
The Shining One

Shops:
D:7 !


Innate Abilities, Weirdness & Mutations

Your experience applies equally to all skills.
You have very sharp teeth.
Your uncanny sense of smell can sniff out nearby items.


Message History

The five-headed hydra bites you.
The five-headed hydra closely misses you.
The five-headed hydra burns!
You hit the five-headed hydra.
The five-headed hydra is severely wounded.
The five-headed hydra burns!
The five-headed hydra bites you. The five-headed hydra bites you!
* * * LOW HITPOINT WARNING * * *
The five-headed hydra misses you.
The five-headed hydra completely misses you.
The five-headed hydra bites you!
* * * LOW HITPOINT WARNING * * *
The five-headed hydra burns!
You feel much better.
The five-headed hydra burns!
The five-headed hydra misses you. The five-headed hydra bites you!
* * * LOW HITPOINT WARNING * * *
The five-headed hydra bites you!
* * * LOW HITPOINT WARNING * * *
The five-headed hydra misses you. The five-headed hydra bites you!
You die...

# #. ###.#####
############# #.......#
#...........#
#......(####(..........#
#.......##.Y...........#
....)...#..#D.)[.......#
#........<##.@.........#
#..>....####...........#
##.###### #..)........#
#..<........#
#...........#
########.#### .# #


You could see a five-headed hydra (burning) and an ice beast.

Vanquished Creatures
  A manticore (D:9)
  Maurice (D:8)
  Grinder (D:3)
  5 yaks (D:9)
  A water moccasin (D:8)
  2 orc warriors
  2 centaurs (D:9)
  6 ogres
  2 bullfrogs (D:6)
  A gnoll sergeant (D:9)
  A water moccasin zombie (D:8)
  4 scorpions
  10 wights
  4 howler monkeys
  An electric eel (D:8)
  A bullfrog zombie (D:8)
  7 hounds
  A quasit (D:9)
  4 jellies
  4 orc priests
  2 centaur skeletons
  2 orc wizards (D:9)
  A bullfrog skeleton (D:9)
  3 iguanas
  10 worker ants
  A hound skeleton (D:6)
  A howler monkey skeleton (D:6)
  14 adders
  10 gnolls
  A shadow imp (D:9)
  6 white imps
  An ufetubus (D:8)
  An ooze (D:3)
  An adder zombie (D:6)
  3 adder skeletons
  3 worms
  A dart slug (D:3)
  5 leopard geckos
  21 orcs
  11 bats
  4 giant cockroaches
  7 goblins
  6 hobgoblins
  14 jackals
  5 kobolds
  4 quokkas
  2 ball pythons (D:3)
  7 frilled lizards
  10 rats
216 creatures vanquished.

Vanquished Creatures (collateral kills)
  6 foxfires (D:3)
6 creatures vanquished.

Vanquished Creatures (others)
  An orc warrior (D:10)
  An ice beast (D:10)
  2 orc priests (D:10)
  An orc (D:10)
  1060 foxfires
  3 fungi (D:3)
  5 plants (D:10)
  5 toadstools (D:3)
1078 creatures vanquished.

Grand Total: 1300 creatures vanquished

Notes
Turn   | Place    | Note
-------+----------+-------------------------------------------
     0 | D:1      | robertstho the Gnoll Fire Elementalist began the quest for
                  | the Orb.
     0 | D:1      | Reached XP level 1. HP: 13/13 MP: 6/6
   325 | D:1      | Reached XP level 2. HP: 19/19 MP: 4/7
   997 | D:2      | Reached skill level 5 in Spellcasting
   997 | D:2      | Reached XP level 3. HP: 25/25 MP: 4/9
  1257 | D:2      | Reached skill level 1 in Invocations
  1826 | D:2      | Reached skill level 1 in Fighting
  1826 | D:2      | Reached skill level 1 in Short Blades
  1826 | D:2      | Reached skill level 1 in Long Blades
  1826 | D:2      | Reached skill level 1 in Axes
  1826 | D:2      | Reached skill level 1 in Maces & Flails
  1826 | D:2      | Reached skill level 1 in Polearms
  1826 | D:2      | Reached skill level 1 in Staves
  1826 | D:2      | Reached skill level 1 in Slings
  1826 | D:2      | Reached skill level 1 in Bows
  1826 | D:2      | Reached skill level 1 in Crossbows
  1826 | D:2      | Reached skill level 1 in Throwing
  1826 | D:2      | Reached skill level 1 in Armour
  1826 | D:2      | Reached skill level 1 in Shields
  1826 | D:2      | Reached skill level 1 in Unarmed Combat
  1826 | D:2      | Reached skill level 1 in Evocations
  1907 | D:2      | Reached XP level 4. HP: 32/32 MP: 6/11
  2347 | D:3      | Found a snail-covered altar of Cheibriados.
  2455 | D:3      | Found a burning altar of Makhleb.
  2475 | D:3      | Reached skill level 1 in Hexes
  2475 | D:3      | Reached skill level 1 in Summonings
  2475 | D:3      | Reached skill level 1 in Necromancy
  2475 | D:3      | Reached skill level 1 in Translocations
  2475 | D:3      | Reached skill level 1 in Transmutations
  2475 | D:3      | Reached skill level 1 in Ice Magic
  2475 | D:3      | Reached skill level 1 in Air Magic
  2475 | D:3      | Reached skill level 1 in Earth Magic
  2475 | D:3      | Reached skill level 1 in Poison Magic
  2726 | D:3      | Noticed Grinder
  2733 | D:3      | Killed Grinder
  2733 | D:3      | Reached skill level 5 in Dodging
  2733 | D:3      | Reached XP level 5. HP: 38/38 MP: 4/12
  2733 | D:3      | Reached XP level 6. HP: 44/44 MP: 4/14
  2915 | D:3      | Found a hazy altar of Hepliaklqana.
  3041 | D:3      | Found a white marble altar of Elyvilon.
  3404 | D:4      | Learned a level 3 spell: Conjure Flame
  3409 | D:4      | Learned a level 4 spell: Sticky Flame
  3415 | D:4      | Learned a level 5 spell: Fireball
  3429 | D:4      | Reached XP level 7. HP: 24/50 MP: 10/15
  3730 | D:4      | Reached skill level 5 in Stealth
  3898 | D:4      | Reached XP level 8. HP: 53/57 MP: 8/16
  4029 | D:4      | Found an iron altar of Okawaru.
  4701 | D:5      | Entered Level 5 of the Dungeon
  5614 | D:5      | Found a staircase to the Ecumenical Temple.
  5695 | D:5      | Found a radiant altar of Vehumet.
  5910 | Temple   | Entered the Ecumenical Temple
  6105 | D:6      | You fall into a shaft and drop 2 floors!
  6375 | D:8      | Reached XP level 9. HP: 65/65 MP: 12/18
  6673 | D:8      | Found a glowing golden altar of the Shining One.
  7288 | D:7      | Found Jokhaoq's Distillery.
  7297 | D:7      | Bought a potion of flight for 42 gold pieces
  7297 | D:7      | Bought a potion of degeneration for 14 gold pieces
  7297 | D:7      | Bought a potion of brilliance for 56 gold pieces
  7297 | D:7      | Bought a potion of curing for 42 gold pieces
  7297 | D:7      | Bought 2 potions of heal wounds for 140 gold pieces
  7297 | D:7      | Bought a potion of lignification for 42 gold pieces
  7297 | D:7      | Bought a potion of curing for 42 gold pieces
  8725 | D:8      | Noticed Maurice
  8736 | D:8      | Killed Maurice
  8736 | D:8      | Reached skill level 5 in Invocations
  9223 | D:9      | Reached XP level 10. HP: 73/73 MP: 14/20
  9449 | D:9      | Reached skill level 5 in Fighting
  9449 | D:9      | Reached skill level 5 in Short Blades
  9449 | D:9      | Reached skill level 5 in Long Blades
  9449 | D:9      | Reached skill level 5 in Axes
  9449 | D:9      | Reached skill level 5 in Maces & Flails
  9449 | D:9      | Reached skill level 5 in Polearms
  9449 | D:9      | Reached skill level 5 in Staves
  9449 | D:9      | Reached skill level 5 in Slings
  9449 | D:9      | Reached skill level 5 in Bows
  9449 | D:9      | Reached skill level 5 in Crossbows
  9449 | D:9      | Reached skill level 5 in Throwing
  9449 | D:9      | Reached skill level 5 in Armour
  9449 | D:9      | Reached skill level 5 in Shields
  9449 | D:9      | Reached skill level 5 in Unarmed Combat
  9449 | D:9      | Reached skill level 5 in Evocations
 10024 | D:9      | Noticed a manticore
 10032 | D:9      | Killed a manticore
 10660 | D:9      | Reached skill level 5 in Conjurations
 11205 | D:8      | Found a shimmering blue altar of Sif Muna.
 11213 | D:8      | Became a worshipper of Sif Muna the Loreminder
 11247 | D:10     | Entered Level 10 of the Dungeon
 11328 | D:10     | Noticed a five-headed hydra
 11340 | D:10     | Slain by a five-headed hydra

Illustrated notes

Levels and vault maps discovered:
D:1:      sevenhm_arrival_forest_fort_small_4, layout_loops_ring,
          chequers_hall_statues_y
D:2:      layout_basic, minmay_puff
D:3:      layout_rooms, nicolae_overflow_quartered_altars,
          minmay_gold_behind_fungi, uniq_grinder
D:4:      layout_gridville, kennysheep_mini_moat, minmay_quadrilaterals
D:5:      layout_layer_cave, nicolae_overflow_crystal_walls, temple_doors_cd
D:6:      layout_gridville
D:7:      layout_cave_pools, serial_shops, shop
D:8:      layout_gridville, nicolae_overflow_hidden_temple, nrook_pool_corridor,
          minmay_crossroads, uniq_maurice
D:9:      layout_layer_cave
D:10:     layout_roguey, david_orc_2, serial_bayou_ford_a, roderic_batcave,
          lemuel_flamethrower_hall
Temple:   jpeg_temple_clearing

Skill      XL: |  1  2  3  4  5  6  7  8  9 10 |
---------------+-------------------------------+-----
Conjurations   | 2 3 4 5 |  5.0
Spellcasting   | 5 6 7 |  7.4
Invocations    | 1 2 3 4 5 |  5.9
Fighting       | 1 2 3 4 5 |  5.4
Short Blades   | 1 2 3 4 5 |  5.4
Long Blades    | 1 2 3 4 5 |  5.4
Axes           | 1 2 3 4 5 |  5.4
Maces & Flails | 1 2 3 4 5 |  5.4
Polearms       | 1 2 3 4 5 |  5.4
Staves         | 1 2 3 4 5 |  5.4
Slings         | 1 2 3 4 5 |  5.4
Bows           | 1 2 3 4 5 |  5.4
Crossbows      | 1 2 3 4 5 |  5.4
Throwing       | 1 2 3 4 5 |  5.4
Armour         | 1 2 3 4 5 |  5.4
Shields        | 1 2 3 4 5 |  5.4
Unarmed Combat | 1 2 3 4 5 |  5.4
Evocations     | 1 2 3 4 5 |  5.4
Hexes          | 1 2 3 4 |  4.4
Summonings     | 1 2 3 4 |  4.4
Necromancy     | 1 2 3 4 |  4.4
Translocations | 1 2 3 4 |  4.4
Transmutations | 1 2 3 4 |  4.4
Ice Magic      | 1 2 3 4 |  4.4
Air Magic      | 1 2 3 4 |  4.4
Earth Magic    | 1 2 3 4 |  4.4
Poison Magic   | 1 2 3 4 |  4.4
Dodging        | 5 6 7 |  7.1
Stealth        | 5 6 |  6.9
Fire Magic     | 6 7 |  7.1

Action                   |  1- 3 |  4- 6 |  7- 9 | 10-12 || total
-------------------------+-------+-------+-------+-------++-------
Melee: Unarmed           |     4 |       |       |       ||     4
       Dagger            |    10 |     1 |       |       ||    11
       Falchion          |       |       |    23 |       ||    23
       Bite              |       |       |     5 |       ||     5
       Lajatang          |       |       |     1 |     7 ||     8
       Spear             |       |       |       |     5 ||     5
 Cast: Foxfire           |    77 |    94 |   356 |   111 ||   638
       Sticky Flame      |       |       |     6 |    10 ||    16
       Fireball          |       |       |       |     2 ||     2
  Use: Scroll            |       |       |     6 |       ||     6
       Potion            |       |       |       |     1 ||     1
 Stab: Sleeping          |     4 |       |       |       ||     4
Armor: Robe              |     3 |       |       |       ||     3
       Leather armour    |     4 |     6 |    16 |     4 ||    30
Dodge: Dodged            |    22 |    24 |    48 |    38 ||   132
Block: Other             |     7 |     6 |    10 |    15 ||    38
       Reflection        |       |       |     1 |       ||     1
       Rpst.: Falchion   |       |       |    12 |       ||    12

Table legend: (Time is in decaauts)
 A = Elapsed time spent in this place.
 B = Non-inter-level travel time spent in this place.
 C = Inter-level travel time spent in this place.
 D = Time resting spent in this place.
 E = Time spent auto-exploring this place.
 F = Levels seen in this place.
 G = Mean time per level.
                   A        B        C        D        E       F      G
               +--------+--------+--------+--------+--------+-----+--------+
         Total |  11354 |  10772 |    582 |    185 |   9026 |  11 | 1032.2 |
       Dungeon |  11270 |  10707 |    563 |    185 |   8961 |  10 | 1127.0 |
        Temple |     83 |     65 |     18 |      0 |     65 |   1 |   83.0 |
               +--------+--------+--------+--------+--------+-----+--------+

Top non-repeatable levels by time:
     D:9: 1884 daAuts
     D:4: 1622 daAuts
     D:8: 1319 daAuts
     D:2: 1297 daAuts
     D:5: 1218 daAuts
     D:6: 1211 daAuts
     D:1: 933 daAuts
     D:3: 853 daAuts
     D:7: 836 daAuts
    D:10: 92 daAuts
  Temple: 83 daAuts
